 Dungeon Crawl Stone Soup version 0.30.1-11-g7821555f0a (webtiles) character file.

Game seed: 16543672833240884877

838 H0rd4k the Trooper (level 8, -1/61 HPs)
             Began as a Human Artificer on Dec 19, 2023.
             Slain by a gnoll
             ... wielding a +0 spear
             ... led by a gnoll bouda
              (2 damage)
             ... on level 5 of the Dungeon.
             The game lasted 00:06:26 (4765 turns).

H0rd4k the Trooper (Human Artificer)                Turns: 4765, Time: 00:06:26

Health: -1/61      AC:  6    Str: 12    XL:     8   Next: 19%
Magic:  11/11      EV: 13    Int: 20    God:
Gold:   207        SH:  0    Dex: 14    Spells: 9/12 levels left

rFire   x . .        i - +2 dagger (holy)
rCold   + . .        (no shield)
rNeg    . . .        b - +0 leather armour
rPois   .            w - +0 helmet
rElec   .            r - +0 cloak
rCorr   .            l - +0 pair of gloves
SInv    .            (no boots)
Will    .....        (no amulet)
Stlth   +            h - ring of ice
HPRegen 0.30/turn    e - +6 ring of intelligence
MPRegen 0.12/turn

%: no passive effects
@: no status effects
A: no striking features
a: no special abilities


You were on level 5 of the Dungeon.
You visited 1 branch of the dungeon, and saw 5 of its levels.
You also visited: Sewer.

You collected 207 gold pieces.

Inventory:

Hand Weapons
 a - a +0 club
 i - a +2 dagger of holy wrath (weapon)
 C - a +1 dagger of freezing
Missiles
 f - 4 atropa-tipped darts (quivered)
 p - 3 poisoned darts
Armour
 b - a +0 leather armour (worn)
 l - a +0 pair of gloves (worn)
 r - a +0 cloak (worn)
 w - a +0 helmet (worn)
Jewellery
 e - a +6 ring of intelligence (right hand)
 h - a ring of ice (left hand)
 s - a +6 ring of dexterity
 B - a ring of ice
Wands
 d - a wand of charming (1)
Scrolls
 c - a scroll of fog {unknown}
 q - a scroll of blinking
 v - 2 scrolls of identify
 y - a scroll of teleportation {unknown}
Potions
 g - a potion of invisibility
 j - a potion of degeneration {unknown}
 k - 2 potions of curing {unknown}
 m - a potion of berserk rage {unknown}
 n - a potion of haste {unknown}
 o - 2 potions of mutation {unknown}
 t - a potion of attraction {unknown}
 u - a potion of magic {unknown}
 x - a potion of ambrosia {unknown}
 z - a potion of might {unknown}
Miscellaneous
 A - a piece from Xom's chessboard (15/15)


   Skills:
 + Level 4.6 Fighting
 + Level 3.5 Short Blades
 - Level 2.0 Armour
 + Level 4.0 Dodging
 - Level 1.0 Stealth
 + Level 2.6 Spellcasting
 + Level 3.0 Hexes
 - Level 3.0 Evocations


You had 9 spell levels left.
You knew the following spells:

 Your Spells              Type           Power      Damage    Failure   Level
a - Tukima's Dance        Hex            15%        N/A       16%         3

Your spell library contained the following spells:

 Spells                   Type           Power      Damage    Failure   Level
 Necrotise                Necr           8%         1d4       19%         1
 Ozocubu's Armour         Ice            3%         N/A       50%         3
 Vampiric Draining        Necr           2%         2d6       50%         3
 Passage of Golubria      Tloc           2%         N/A       88%         4
 Yara's Violent Unravell  Hex/Tmut       4%         3d4       95%         5
 Agony                    Necr           2%         N/A       99%         5
 Ozocubu's Refrigeration  Ice            1%         4d7       100%        7


Dungeon Overview and Level Annotations

Branches:
Dungeon (5/15)              Sewer (visited)
 Temple: D:4-7

Altars:
Ashenzari
Trog
Zin
The Shining One

Shops:
D:2 [[=*   D:5 [

Annotations:
D:5 exclusion: scorpion


Message History

The gnoll is severely wounded.
The gnoll closely misses you.
You barely miss the gnoll.
The gnoll is severely wounded.
The gnoll hits you with a +0 flail!
You hit the gnoll but do no damage.
The gnoll is severely wounded.
The gnoll hits you with a +0 flail.
You barely miss the gnoll.
The gnoll is severely wounded.
The gnoll barely misses you.
You barely miss the gnoll.
The gnoll is severely wounded.
You hit the gnoll.
The gnoll is almost dead.
The gnoll hits you with a +0 flail!
You closely miss the gnoll.
The gnoll is almost dead.
The gnoll barely misses you.
You closely miss the gnoll.
The gnoll is almost dead.
The gnoll is no longer moving quickly.
The gnoll hits you with a +0 flail!
You completely miss the gnoll.
The gnoll is almost dead.
The gnoll hits you with a +0 flail!
* * * LOW HITPOINT WARNING * * *
You hit the gnoll but do no damage.
The gnoll is almost dead.
The gnoll hits you with a +0 flail!
* * * LOW HITPOINT WARNING * * *
You barely miss the gnoll.
The gnoll is almost dead.
You hit the gnoll.
You kill the gnoll!
You hit the gnoll.
The gnoll is moderately wounded.
The gnoll hits you with a +0 whip.
* * * LOW HITPOINT WARNING * * *
The gnoll hits you from afar with a +0 spear.
You die...

. ... #. ..#
#.####g.#
#####.....g.#
#..$.....#.##
#.######.# # #.# #g#
#####.######g#
#.........##@# #####
#.###.###.##.#......
#.# #.##...#..!.#
#.# #...........#
#.# ####...##...#
#.# ##### #..# #.#
..# # ##.##### ..# #
#......# ..#


You could see 2 gnolls.

Vanquished Creatures
  Grinder (D:4)
  Pargi (Sewer)
  An ice beast (D:4)
  2 ogres (D:5)
  A hound (D:4)
  A jelly (D:5)
  A gnoll bouda (D:5)
  Jessica (D:3)
  2 gnolls (D:5)
  5 adders
  A white imp (D:5)
  2 dart slugs (D:1)
  6 orcs
  6 ball pythons
  6 bats
  6 endoplasms
  5 giant cockroaches
  15 goblins
  7 hobgoblins
  A jackal (D:3)
  8 kobolds
  6 quokkas
  6 frilled lizards
  2 rats
93 creatures vanquished.

Vanquished Creatures (collateral kills)
  An orc (D:3)
  2 hobgoblins (D:3)
  A quokka (D:4)
  A kobold (D:3)
  A rat (D:3)
6 creatures vanquished.

Vanquished Creatures (others)
  3 adders (D:3)
  An orc (D:3)
  2 giant cockroaches (D:4)
  A quokka (D:4)
7 creatures vanquished.

Grand Total: 106 creatures vanquished

Notes
Turn   | Place    | Note
-------+----------+-------------------------------------------
     0 | D:1      | H0rd4k the Human Artificer began the quest for the Orb.
     0 | D:1      | Reached XP level 1. HP: 15/15 MP: 1/1
    81 | D:2      | Reached XP level 2. HP: 21/22 MP: 2/2
   131 | D:2      | Found Pauxe's Antique Armour Shop.
   189 | D:2      | Found Kaorgh's Antique Armour Shoppe.
   205 | D:2      | Reached XP level 3. HP: 22/28 MP: 3/3
   285 | D:2      | Found Kuoniturea's Assorted Antiques.
   530 | D:2      | Found Ceixa's Jewellery Shop.
  1213 | D:2      | Reached skill level 1 in Short Blades
  1213 | D:2      | Reached XP level 4. HP: 32/35 MP: 4/4
  1404 | D:1      | Found a faded altar of an unknown god.
  1404 | D:1      | Noticed a neqoxec
  2406 | D:3      | Reached XP level 5. HP: 24/41 MP: 5/5
  2629 | D:3      | Learned a level 3 spell: Tukima's Dance
  2716 | D:3      | Noticed Jessica
  2725 | D:3      | Killed Jessica
  2913 | D:4      | Found a glowing golden altar of the Shining One.
  2914 | D:4      | Found a bloodstained altar of Trog.
  2914 | D:4      | Found a broken altar of Ashenzari.
  3255 | D:4      | Reached skill level 1 in Hexes
  3405 | D:4      | Found a glowing silver altar of Zin.
  3472 | D:4      | Noticed Grinder
  3503 | D:4      | Paralysed by Grinder for 5 turns
  3523 | D:4      | Found a glowing drain.
  3551 | Sewer    | Entered a sewer
  3693 | Sewer    | Noticed Pargi
  3696 | Sewer    | Killed Pargi
  3697 | Sewer    | Reached skill level 1 in Spellcasting
  3697 | Sewer    | Reached XP level 6. HP: 48/48 MP: 7/7
  3768 | D:4      | Killed Grinder
  3769 | D:4      | Reached XP level 7. HP: 48/54 MP: 7/9
  4262 | D:5      | Entered Level 5 of the Dungeon
  4296 | D:5      | Found Deucuuhe's Antique Armour Shoppe.
  4488 | D:5      | Reached XP level 8. HP: 61/61 MP: 11/11
  4762 | D:5      | HP: 2/61 [gnoll/+0 flail[a gnoll bouda] (11)]
  4765 | D:5      | Slain by a gnoll

Illustrated notes

Levels and vault maps discovered:
D:1:      dpeg_arrival_boxorama, layout_basic,
          dreamdust_ecumenical_altar_sealed_demon
D:2:      kennysheep_the_goblin_king, layout_basic, serial_shops, shop, shop,
          nicolae_shop_tiny_glass, nicolae_shop_waterfront
D:3:      cheibrodos_old_hovel, layout_loops_cross, uniq_jessica
D:4:      layout_basic, zin_treasury, grunt_temple_overflow_open,
          gup_sewer_entry_pipe, uniq_grinder
D:5:      layout_loops_corners, serial_shops, nicolae_shop_window_shopping

Skill      XL: |  1  2  3  4  5  6  7  8 |
---------------+-------------------------+-----
Fighting       | 2 3 4 |  4.6
Short Blades   | 1 2 3 |  3.5
Dodging        | 2 3 4 |  4.0
Hexes          | 1 2 3 |  3.0
Spellcasting   | 1 2 |  2.6
Armour         | |  2.0
Stealth        | |  1.0
Evocations     | |  3.0

Action                     |  1- 3 |  4- 6 |  7- 9 || total
---------------------------+-------+-------+-------++-------
  Melee: Club              |    42 |       |       ||    42
         Punch             |     1 |     2 |     4 ||     7
         Dagger            |    66 |   217 |   117 ||   400
  Throw: Dart              |       |       |     4 ||     4
  Evoke: Wand              |    10 |    21 |     3 ||    34
         Piece from Xom's  |       |       |     3 ||     3
    Use: Scroll            |       |     2 |       ||     2
   Stab: Sleeping          |     2 |     1 |     1 ||     4
         Paralysed         |       |     1 |     3 ||     4
         Petrified         |       |       |     1 ||     1
 Armour: Leather armour    |    47 |    67 |    11 ||   125
  Dodge: Dodged            |    84 |   117 |    63 ||   264
